[Event "Early-Titled-Tuesday-Blitz-February-13-2024"]
[Site "Chess.com"]
[Date "2024.02.13"]
[Round "5"]
[White "LeoLV10"]
[Black "ExtremeLearner"]
[Result "0-1"]
[WhiteElo "2537"]
[BlackElo "2380"]
[TimeControl "180+1"]
[EndTime "9:01:44 PST"]
[Termination "ExtremeLearner won by resignation"]

1. e4 c6 2. d4 d5 3. e5 Bf5 4. h4 h5 5. Bd3 Bxd3 6. Qxd3 Qa5+ 7. Nd2 e6 8. Nf3 Nh6 9. O-O Nf5 10. Nb3 Qa6 11. Qd1 Be7 12. a4 b6 13. g3 c5 14. c3 Nc6 15. Re1 Rc8 16. Bf4 Na5 17.
Nxa5 Qxa5 18. dxc5 bxc5 19. Qd3 c4 20. Qc2 O-O 21. Red1 Rb8 22. Rd2 Rb3 23. Qd1 Rfb8 24. Qe2 g6 25. Kg2 Qb6 26. Ra2 Qb7 27. Kh2 Bc5 28.
a5 Rb5 29. a6 Qb6 30. Kg2 Ra5 31. Rxa5 Qxa5 32. Ng5 Qxa6 33. b4 Be7 34. Nf3 Qa1 35. Rc2 a5 36. bxa5 Qxa5 37. Qd2 Rb1 38. Ra2 Ba3 39.
Qc2 Rb3 40. Bd2 Qb6 41. Qd1 Kg7 42. Qe2 Bc5 43. Ra8 Ra3 44. Re8 Qc6 45. Rb8 Qc7 46. Rb1 Ra2 47. Rd1 Qa7 48. Re1 Qa4 49. Rc1 Ra1 50.
Rxa1 Qxa1 51. Nh2 Qb1 52. Nf1 Qd3 53. Qxd3 cxd3 54. Kf3 d4 55. cxd4 Nxd4+ 56. Ke4 Nb3 57. f4 Nxd2+ 58. Nxd2 Bf2 59. Kf3 Be1 60. Ne4 d2 61. Ke2 Kf8 62. Nxd2 Bxg3 63. Kf3 Bxh4 64. Ne4 Be7 65. Nf2 Kg7 66. Nh3 Kh6 67. Nf2 g5 68.
Ne4 g4+ 69. Kg3 Kg6 70. Nf2 Kf5 71. Nd3 h4+ 72. Kf2 Ke4 73. Ke2 g3 74. Ne1 h3 75.
Nf3 h2 76. Nxh2 gxh2 0-1

[Event "Early-Titled-Tuesday-Blitz-February-13-2024"]
[Site "Chess.com"]
[Date "2024.02.13"]
[Round "5"]
[White "RandomNoob04"]
[Black "HeroWilczek"]
[Result "0-1"]
[WhiteElo "2604"]
[BlackElo "2485"]
[TimeControl "180+1"]
[EndTime "9:01:46 PST"]
[Termination "HeroWilczek won by resignation"]

1. e4 e6 2. d4 d5 3. e5 c5 4. c3 Nc6 5. Nf3 Qb6 6. Bd3 cxd4 7.
cxd4 Bd7 8. O-O Nxd4 9. Nxd4 Qxd4 10. Nc3 a6 11. Qe2 Qb6 12. Kh1 Bc5 13. f4 Ne7 14. f5 exf5 15. Bg5 Be6 16. Na4 Qa5 17.
Nxc5 Qxc5 18. Rac1 Qb4 19. Rf4 d4 20. a3 Qb6 21.
Bxe7 Kxe7 22. Bxf5 Rac8 23. Rcf1 Rhf8 24. Qf2 Bxf5 25.
Rxf5 Qe6 26. h3 Rcd8 27. Qh4+ Ke8 28. R5f2 d3 29. Rd2 Qe7 30. Qe4 g6 31. Rxd3 Rxd3 32.
Qxd3 Qd7 33. Qf3 Qc6 34. Qg3 Kd7 35. Rd1+ Kc7 36. e6+ Kc8 37. e7 Re8 38. Qg4+ Qe6 39. Rc1+ Kb8 40. Qf4+ Ka8 41. Rc7 Rxe7 42. Rc1 Qe5 43.
Rc8+ Ka7 44. Qf2+ Qe3 45. Qf6 Qe1+ 46. Kh2 Qe5+ 47. Qxe5 Rxe5 48. Rc7 Rf5 49. b4 h5 50. Re7 Kb6 51. Kg3 Rf6 52. Kh4 Kc6 53. Kg5 Rf2 54.
g4 hxg4 55. hxg4 Rf3 56. a4 b5 57. a5 Rb3 58. Rxf7 Rxb4 59. Rf6+ Kb7 60. Rb6+ Ka7 61.
Rxg6 Ra4 62. Rg7+ Kb8 63. Kf6 Rxa5 64. g5 Ra1 65. Rf7 Rg1 66. g6 b4 67. g7 a5 68. Rf8+ Kb7 69. g8=Q Rxg8 70. Rxg8 Kb6 71. Rb8+ Kc5 72. Ke5 Kc4 73. Ra8 b3 74. Rb8 a4 75.
Ke4 Kc3 76. Ke3 a3 77. Rc8+ Kb2 78. Kd2 a2 79. Ra8 a1=Q 80. Rb8 Qc1+ 0-1

[Event "Early-Titled-Tuesday-Blitz-February-13-2024"]
[Site "Chess.com"]
[Date "2024.02.13"]
[Round "5"]
[White "edgarhay012"]
[Black "DanielDardha2005"]
[Result "0-1"]
[WhiteElo "2626"]
[BlackElo "2914"]
[TimeControl "180+1"]
[EndTime "9:01:48 PST"]
[Termination "DanielDardha2005 won by resignation"]

1. e4 e6 2. d4 d5 3. Nc3 a6 4.
Nf3 Nf6 5. Bg5 dxe4 6. Nxe4 Be7 7.
Bxf6 Bxf6 8. Bd3 Nd7 9. O-O O-O 10. Qe2 b6 11. Nd6 g6 12. Nxc8 Qxc8 13. Rad1 c5 14. c3 cxd4 15. Be4 Ra7 16. Nxd4 Nc5 17. Bb1 Rd7 18. Nc2 Rfd8 19. Ne3 b5 20. Rxd7 Qxd7 21. Rd1 Qc7 22. g3 h5 23. Ng2 Na4 24. Rxd8+ Qxd8 25.
Nf4 Qd6 26. Be4 Nc5 27. Nd3 Nxe4 28. Qxe4 Kg7 29. h4 a5 30. Kf1 Kg8 31. Ke2 Bg7 32. Qb7 b4 33. cxb4 axb4 34. Qxb4 Qd5 35. Qa4 e5 36. b3 Kh7 37. Qc4 Qa8 38. a4 Qh1 39. Qxf7 e4 40. Ne1 e3 41. fxe3 Qh2+ 42.
Qf2 Qh3 43. Nf3 Qg4 44. Kf1 Qb4 45. Kg2 Qxb3 46. Ng5+ Kh6 47. Qf4 Qc2+ 48. Kf3 Qd1+ 49. Kf2 Qc2+ 50. Kg1 Qd1+ 51. Kg2 Qc2+ 52. Kh3 Qc8+ 53.
g4 hxg4+ 54. Qxg4 Qc1 55. Qf4 Qh1+ 56. Kg3 Qg1+ 57. Kf3 Qf1+ 58. Kg3 Qg1+ 59. Kf3 Qf1+ 60. Ke4 Qg2+ 61. Nf3+ Kh7 62. Qg5 Qc2+ 63. Kf4 Qxa4+ 64. Kg3 Qd7 65. h5 Qd6+ 66. Kh3 Qe6+ 67. Kg2 gxh5 68. Qxh5+ Kg8 69. Qg5 Qc6 70. Qf4 Qg6+ 71. Qg3 Qe4 72. Qf4 Qc2+ 73. Kg3 Qc5 74. Ng5 Be5 75. Kg4 Bxf4 76.
exf4 Qc8+ 77. Kh5 Kg7 78. f5 Qxf5 79. Kh4 Qf4+ 0-1

[Event "Early-Titled-Tuesday-Blitz-February-13-2024"]
[Site "Chess.com"]
[Date "2024.02.13"]
[Round "5"]
[White "ATM622"]
[Black "isaak2009"]
[Result "0-1"]
[WhiteElo "2460"]
[BlackElo "2687"]
[TimeControl "180+1"]
[EndTime "9:01:48 PST"]
[Termination "isaak2009 won by resignation"]

1. d4 d5 2. c4 c6 3. Nf3 Nf6 4. Nbd2 Bf5 5. Nh4 Be4 6. e3 e6 7. Be2 Be7 8. O-O Nbd7 9. b3 a5 10. Bb2 a4 11. f3 Bg6 12. f4 Be4 13. Nhf3 Qa5 14. Rc1 Ng4 15. Nxe4 dxe4 16. Bc3 Qd8 17. Qd2 exf3 18. Bxf3 Ngf6 19. e4 O-O 20. e5 Ne8 21.
Be4 axb3 22. axb3 f5 23. Bb1 b5 24. cxb5 cxb5 25. d5 Bc5+ 26. Bd4 Bxd4+ 27. Qxd4 Nc7 28. d6 Nd5 29. b4 Ra4 30. Bd3 Rxb4 31. Qa7 Qb6+ 32.
Qxb6 N7xb6 33. Rc6 Nxf4 34. Bb1 Nd7 35. Rc7 Nxe5 36. d7 Nd5 37. Rb7 Nf6 38. Rd1 Nexd7 39. Ba2 Nc5 40. Rc7 Nce4 41. Bxe6+ Kh8 42. Bxf5 g6 43. Be6 Rb2 44. Rf1 b4 45. Bd5 Re2 46.
Bc4 Re3 47. g4 h6 48. h4 g5 49. h5 Rd8 50. Be6 Rg3+ 51. Kh2 Rd2+ 52. Kh1 Rh3+ 53. Kg1 Rg3+ 54. Kh1 Nf2+ 55. Rxf2 Rxf2 56. Rc8+ Kg7 57. Bf5 Rxf5 58. gxf5 Rh3+ 59. Kg2 Rxh5 60. Rc7+ Kf8 61. Rc8+ Ne8 62. Kf3 Rh4 63. Ke3 Rf4 64. Rc5 Kf7 65. Rb5 Kf6 66. Rb6+ Kxf5 67. Rxh6 Nf6 68. Rh8 b3 69. Rb8 Rh4 70. Kf2 Rh3 71. Kg2 Rc3 72. Rb4 Rc2+ 73. Kf3 b2 74. Rb5+ Kg6 75. Rb6 g4+ 76.
Kg3 Rc3+ 77. Kg2 Rc2+ 78. Kg3 Kg7 79. Rb5 Ne4+ 80. Kxg4 Nc3 81. Rb7+ Kf6 82. Rxb2 Rxb2 0-1

[Event "Early-Titled-Tuesday-Blitz-February-13-2024"]
[Site "Chess.com"]
[Date "2024.02.13"]
[Round "5"]
[White "sokidze"]
[Black "betta2004"]
[Result "1/2-1/2"]
[WhiteElo "2827"]
[BlackElo "2622"]
[TimeControl "180+1"]
[EndTime "9:01:57 PST"]
[Termination "Game drawn by agreement"]

1. d4 Nf6 2. c4 c5 3. d5 a6 4. a4 d6 5. Nc3 g6 6. e4 e6 7.
h3 Bg7 8. Nf3 Qe7 9. Bd3 a5 10.
dxe6 Bxe6 11. O-O Nc6 12. Nd5 Bxd5 13. exd5 Ne5 14. Nxe5 dxe5 15. Re1 O-O 16. Be3 b6 17. Bd2 Ne8 18. Bc3 Nd6 19. Qb3 Rab8 20. f3 f5 21. Re2 e4 22. fxe4 fxe4 23. Rae1 Rf4 24. Bxg7 Qxg7 25. Bb1 Qd4+ 26. Kh1 Rbf8 27. Qe3 Rf1+ 28.
Kh2 Qe5+ 29. Qg3 Qxg3+ 30. Kxg3 Rxe1 31. Rxe1 Nxc4 32. Rxe4 Nd2 33. Re1 Rd8 34. Ba2 c4 35.
Rd1 c3 36. Kf4 Rf8+ 37. Ke3 Nf1+ 38. Kd3 cxb2 39. d6+ Kg7 40. d7 Ng3 41. Kc2 Rd8 42. Kxb2 Kf6 43. Rd3 Ne4 44. Kc2 Nc5 45. Rf3+ Ke5 46. Rf7 Rxd7 47. Rf8 Nxa4 48. Bb3 Nc5 49. Bc4 Rc7 50. Kb1 Ne6 51. Bxe6 Kxe6 52. Rb8 Rc6 53. Rh8 Rc7 54. Rb8 Rc6 55. Rh8 h5 56. Rf8 Ke5 57.
g4 hxg4 58. hxg4 Rc4 59. g5 Rg4 60. Rf6 b5 61. Rxg6 a4 62. Rb6 Rb4+ 63. Kc2 Rc4+ 64. Kb2 b4 65. g6 Rg4 66. g7 Rg2+ 67. Kb1 Kd5 68. g8=Q+ Rxg8 69. Rxb4 a3 70. Ra4 Rg3 71. Ka2 Kc5 72. Rxa3 Rg2+ 73. Kb3 Kb5 74. Ra1 Rg3+ 75. Kc2 Kc4 76. Ra4+ Kb5 77. Rh4 Rg2+ 78. Kc3 Rg5 79. Rf4 Rg3+ 80. Kc2 Rg6 81. Rf5+ Kc4 82. Rf4+ Kd5 83.
Rh4 Rg3 84. Ra4 Kc5 1/2-1/2

[Event "Early-Titled-Tuesday-Blitz-February-13-2024"]
[Site "Chess.com"]
[Date "2024.02.13"]
[Round "5"]
[White "Kildepiotr"]
[Black "mishanick"]
[Result "0-1"]
[WhiteElo "2691"]
[BlackElo "2972"]
[TimeControl "180+1"]
[EndTime "9:02:08 PST"]
[Termination "mishanick won by resignation"]

1. e4 c5 2. Nf3 e6 3. c3 d5 4.
exd5 Qxd5 5. d4 Nf6 6. Be2 Nc6 7. O-O Be7 8. dxc5 Bxc5 9. Nbd2 O-O 10. Nb3 Be7 11. Qxd5 Nxd5 12. a3 Rd8 13. c4 Nf6 14.
Be3 b6 15. Rfd1 Bb7 16. Nfd4 Rac8 17. Nxc6 Bxc6 18. Nd4 Be8 19. b4 Ba4 20. Rdc1 Nd7 21. f4 Bf6 22. Rab1 e5 23. Nf5 exf4 24. Bxf4 Nf8 25.
Nd6 Ne6 26. Bg3 Nd4 27. Bd3 Rc6 28. c5 bxc5 29. bxc5 Nb3 30. Rc4 Nxc5 31. Bf1 h5 32. Nb7 Nxb7 33. Rxa4 Rb6 34. Rxb6 axb6 35. Bf2 Nc5 36.
Rb4 Rd6 37. Rb5 Nd7 38. Be2 g6 39. a4 Bd4 40. Bxd4 Rxd4 41. a5 bxa5 42. Rxa5 Kg7 43. Kf2 Nf6 44. Bf3 Rd2+ 45. Ke3 Rd7 46. h4 Re7+ 47.
Kf2 Rc7 48. Kg3 Nd7 49. Rb5 Rc3 50. Rb7 Ne5 51. Kf4 Nd3+ 52. Kg3 Nc5 53. Ra7 Kf6 54. Kf4 Ne6+ 55. Kg3 Nd4 56. Kf4 Nf5 57. Ra6+ Kg7 58. g3 Rb3 59. Bd5 Rb4+ 60. Kf3 Rd4 61. Ra5 Rd3+ 62.
Kf4 Rxg3 63. Ra7 Rg4+ 64. Ke5 Rxh4 65. Rxf7+ Kh6 66. Kf6 Rf4 67. Ke5 Rf1 68. Be4 Kg5 69.
Ra7 h4 70. Ra3 Re1 71. Kd5 Ne3+ 72. Kd4 Nf5+ 73. Kd5 Kf4 74. Rf3+ Kg4 75. Rf2 Rd1+ 76. Ke6 Ng3 77. Bf3+ Kg5 78. Bxd1 Ne4 79. Rg2+ Kh6 80. Kd5 Ng3 81. Bg4 Kg5 82. Bh3 Kf4 83. Kd4 Kf3 84. Ke5 g5 85. Rg1 g4 86. Bxg4+ Kxg4 87. Kd4 Kf3 88. Ke5 h3 89. Rb1 h2 90. Kd4 Kf2 91.
Rb2+ Ne2+ 92. Kd3 h1=Q 93. Rxe2+ Kf3 94. Re3+ Kf4 0-1

[Event "Early-Titled-Tuesday-Blitz-February-13-2024"]
[Site "Chess.com"]
[Date "2024.02.13"]
[Round "5"]
[White "ProfessorChess101"]
[Black "Blitzking642"]
[Result "0-1"]
[WhiteElo "2785"]
[BlackElo "2541"]
[TimeControl "180+1"]
[EndTime "9:02:12 PST"]
[Termination "Blitzking642 won by checkmate"]

1. e4 e5 2. Nf3 Nc6 3. Bc4 d6 4. d4 Nf6 5. O-O Be7 6. Re1 O-O 7.
h3 exd4 8. Nxd4 Nxd4 9. Qxd4 Re8 10. Nc3 h6 11. Be3 Bf8 12. Rad1 Be6 13. a4 g6 14. Bf1 Bg7 15. Qb4 Qc8 16. a5 a6 17. Rd2 Bd7 18. Qc4 Be6 19. Qd3 Nd7 20. Qe2 Ne5 21. Qd1 Nc4 22. Bxc4 Bxc4 23. Bd4 Be6 24.
Bxg7 Kxg7 25. b3 Kh7 26. Ne2 Bd7 27. Nd4 Qd8 28. Qf3 Qe7 29. c4 Rad8 30. Re3 Bc8 31. Ne2 Kg7 32. Nf4 Qf6 33. Nd5 Qa1+ 34. Rd1 Qe5 35. Nxc7 Re7 36. Nd5 Ree8 37. Nb6 Qxa5 38. Nd5 Re6 39. Red3 Qa2 40. Qe3 Qb2 41. Qd4+ Qxd4 42.
Rxd4 b5 43. cxb5 axb5 44. Nc7 Re5 45. f3 Be6 46. b4 Rc8 47. Nd5 Bxd5 48. Rxd5 Rc4 49.
Rxd6 Rxb4 50. Rd7 Re6 51. Rb7 Rb2 52. Rdd7 Rf6 53. Rb8 g5 54. Rdb7 h5 55. Rxb5 Rxb5 56.
Rxb5 Kg6 57. Kh2 h4 58. Kg1 Rd6 59. Rb2 Kf6 60. Kf2 Rd3 61. Ke2 Ra3 62. Rd2 Kg6 63.
Rd3 Ra2+ 64. Rd2 Ra3 65. Kf2 f6 66. g3 hxg3+ 67. Kxg3 Ra1 68. Rg2 Kh5 69. Kf2 Kh4 70. Rg1 Rxg1 71. Kxg1 Kg3 72. Kf1 Kxf3 73. Kg1 Kxe4 74.
Kg2 Kf4 75. Kf2 f5 76. Kg2 Ke3 77. h4 gxh4 78. Kh3 f4 79. Kxh4 f3 80. Kg3 f2 81.
Kh2 Ke2 82. Kg2 f1=Q+ 83. Kh2 Qf3 84. Kg1 Ke3 85. Kh2 Kf4 86. Kg1 Qe2 87. Kh1 Kg3 88. Kg1 Qe1# 0-1

[Event "Early-Titled-Tuesday-Blitz-February-13-2024"]
[Site "Chess.com"]
[Date "2024.02.13"]
[Round "5"]
[White "Zohid6"]
[Black "Hanging_pointer"]
[Result "1/2-1/2"]
[WhiteElo "2831"]
[BlackElo "2625"]
[TimeControl "180+1"]
[EndTime "9:02:13 PST"]
[Termination "Game drawn - insufficient material"]

1. e4 c6 2. d4 d5 3. e5 Bf5 4. Nf3 e6 5. Be2 Ne7 6. O-O Bg6 7. Nbd2 Nd7 8. Nb3 Nf5 9. a4 Be7 10. a5 O-O 11. c4 dxc4 12. Bxc4 Bh5 13. h3 Bxf3 14.
Qxf3 c5 15. Qxb7 cxd4 16. Qe4 Rc8 17. Bd3 Rb8 18. Bc2 Rxb3 19. Bxb3 Nc5 20. Qf3 d3 21.
Bc4 d2 22. b4 dxc1=Q 23. Rfxc1 Nd7 24. Qe4 Bxb4 25. Bb5 Be7 26. Rd1 Nc5 27. Rxd8 Nxe4 28. Rxf8+ Kxf8 29. Rd1 Nc3 30. Rc1 Bb4 31. a6 Nxb5 32.
Rb1 Nfd4 33. Rxb4 Ke7 34. f4 Kd7 35. Rc4 Nc6 36. Kf2 Nc7 37. Ra4 Nb8 38. g4 Nbxa6 39. Kf3 Kc6 40. f5 Kb6 41. f6 g5 42. h4 Nc5 43.
Rb4+ Kc6 44. hxg5 Nd3 45. Rc4+ Kb6 46. Ke4 Nc5+ 47. Kd4 Nb5+ 48. Ke3 a5 49. Rc1 a4 50. Rh1 a3 51. Rxh7 a2 52. Rh1 Ka5 53. Kd2 Nd7 54.
g6 fxg6 55. f7 Nd4 56. Kc3 Nc6 57. Kb2 Ncxe5 58. Rf1 Nf8 59. g5 Kb5 60. Rc1 Ned7 61. Rc8 e5 62. Kxa2 e4 63. Kb3 e3 64. Kc2 Kb6 65.
Kd3 Kb7 66. Re8 Kc7 67. Kxe3 Kd6 68. Kf3 Ne6 69. Kg3 Ndf8 70. Kg4 Ke5 71. Re7 Ke4 72. Re8 Ke5 73. Re7 Kd6 74. Ra7 Nd7 75. Rb7 Ke7 76. Ra7 Nf8 77. Ra6 Kxf7 78. Kf4 Ne6+ 79. Kg4 Ne5+ 80. Kg3 Nc5 81. Ra7+ Ke6 82. Kf4 Ned3+ 83.
Ke3 Kf5 84. Rg7 Kxg5 85. Rxg6+ Kxg6 1/2-1/2

[Event "Early-Titled-Tuesday-Blitz-February-13-2024"]
[Site "Chess.com"]
[Date "2024.02.13"]
[Round "5"]
[White "ejam94"]
[Black "IMRosen"]
[Result "1/2-1/2"]
[WhiteElo "2515"]
[BlackElo "2673"]
[TimeControl "180+1"]
[EndTime "9:02:19 PST"]
[Termination "Game drawn by repetition"]

1. e4 c5 2. Nf3 Nc6 3. d4 cxd4 4.
Nxd4 g6 5. c4 Nf6 6. Nc3 Nxd4 7.
Qxd4 d6 8. Be2 Bg7 9. O-O O-O 10. Qd3 Be6 11. Be3 a5 12. Bd4 a4 13. f4 Qa5 14. Rad1 Rfc8 15. b3 axb3 16. axb3 Qb4 17. f5 Bd7 18. Bxf6 Bxf6 19. Nd5 Qc5+ 20. Kh1 Bc6 21.
fxg6 hxg6 22. Nxf6+ exf6 23. Rxf6 Qe5 24. Qxd6 Qxd6 25. Rfxd6 Bxe4 26. R6d4 Bc6 27. h3 Re8 28. R1d2 Re3 29. R4d3 Rae8 30. Bf1 Re1 31. Kg1 Rb1 32.
Rd1 Rb2 33. R1d2 Rb1 34. Kf2 Re6 35. Be2 Rf6+ 36. Bf3 Bxf3 37. gxf3 Rb6 38. Rc2 R1xb3 39. Rxb3 Rxb3 40. c5 Rb5 41. c6 bxc6 42. Rxc6 Rg5 43. h4 Rh5 44. Kg3 Rf5 45. Rb6 Kg7 46. Ra6 Rc5 47. Rb6 Ra5 48. Rc6 Ra1 49. Rb6 Rg1+ 50. Kf2 Rc1 51. Kg3 Rc2 52. Rd6 Rb2 53. Rc6 Kh6 54.
Rc8 Rb7 55. Rh8+ Kg7 56. Rc8 Rb6 57. Rc5 Kf6 58. Ra5 Re6 59. Rb5 Ra6 60. Rc5 Kg7 61.
Rb5 Ra4 62. Rb8 Rc4 63. Rd8 Rc1 64. Rb8 Rg1+ 65. Kf2 Rc1 66. Kg3 Rc4 67. Ra8 Rc3 68. Rb8 Rc5 69. Ra8 Kf6 70. Ra4 Re5 71. Ra7 Kg7 72. Rb7 Rf5 73. Ra7 Kh6 74. Ra8 Rf6 75.
Rh8+ Kg7 76. Rb8 Re6 77. Rb7 Re1 78. Rb8 Rg1+ 79. Kf2 Ra1 80. Kg3 Ra2 81. Rb7 Ra5 82.
Rc7 Rf5 83. Rb7 Kh6 84. Rb8 f6 85. Rh8+ Kg7 86. Rb8 Re5 87. Rb7+ Kh6 88. Rb8 f5 89.
Rh8+ Kg7 90. Ra8 Rd5 91. Kf4 Rd1 92. Ra7+ Kh6 93. Ra8 Rh1 94. Rh8+ Kg7 95. Ra8 Rxh4+ 96. Kg5 Rh5+ 97. Kf4 Kh6 98. Rh8+ Kg7 99. Rxh5 gxh5 100. Kg5 h4 101. Kxh4 Kf6 102. Kh5 f4 103. Kg4 Kf7 104. Kf5 Kg7 105. Ke6 Kf8 106. Ke5 Kf7 107. Kf5 Kg7 108. Kg5 Kf7 109. Kf5 1/2-1/2

[Event "Early-Titled-Tuesday-Blitz-February-13-2024"]
[Site "Chess.com"]
[Date "2024.02.13"]
[Round "5"]
[White "PositionalPanther"]
[Black "ilqar_74"]
[Result "0-1"]
[WhiteElo "2418"]
[BlackElo "2807"]
[TimeControl "180+1"]
[EndTime "9:02:26 PST"]
[Termination "ilqar_74 won by checkmate"]

1. Nf3 Nf6 2. g3 e6 3. Bg2 d5 4. O-O Be7 5. c4 O-O 6. b3 c5 7.
cxd5 exd5 8. d4 Nc6 9. dxc5 Bxc5 10. Bb2 Be6 11. Nd4 Qb6 12. e3 Rac8 13. Nc3 Bxd4 14.
Na4 Qa5 15. Bxd4 Nxd4 16. Qxd4 Rc2 17. Rfc1 Rfc8 18. Rxc2 Rxc2 19. Qd3 Qc7 20. b4 b6 21. Nc5 Qe5 22. Nb3 Rb2 23. Qd4 Qxd4 24. Nxd4 Rxb4 25. Nc6 Ra4 26. Bf1 a6 27. Rb1 b5 28. Rb2 d4 29. Nxd4 Rxa2 30. Rb1 Bd5 31. Rc1 g6 32. Rc8+ Kg7 33. Rc1 b4 34. Rb1 a5 35. f3 Nd7 36. e4 Be6 37. Nxe6+ fxe6 38. Bc4 Ra3 39. Bxe6 Nc5 40. Bd5 Rxf3 41. Rc1 Rc3 42. Rf1 a4 43. g4 g5 44. h4 h6 45. h5 b3 46. Rf7+ Kh8 47. Rf8+ Kg7 48. Rf7+ Kh8 49. e5 b2 50.
Rf8+ Kg7 51. Rf7+ Kg8 52. Rb7+ Kf8 53. Rxb2 a3 54. Rb8+ Ke7 55. Ra8 Re3 56. Ra7+ Kd8 57. e6 a2 58. Rxa2 Nxe6 59. Bxe6 Rxe6 60. Ra8+ Ke7 61. Rh8 Kf7 62. Rh7+ Kg8 63. Rc7 Re4 64. Rc6 Rxg4+ 65. Kf2 Kg7 66. Rg6+ Kh7 67. Rc6 Rh4 68.
Rc7+ Kg8 69. Rc8+ Kg7 70. Rc7+ Kf6 71. Rc6+ Kg7 72. Rc7+ Kf8 73. Rc8+ Ke7 74. Rc7+ Kd8 75. Ra7 Rxh5 76. Kf3 Rh4 77. Kg3 Ke8 78. Ra8+ Kf7 79. Ra7+ Kg6 80. Ra6+ Kh5 81. Ra1 Rb4 82. Rh1+ Kg6 83.
Rd1 Rb3+ 84. Kg2 g4 85. Rd5 h5 86. Rc5 Rd3 87. Rc6+ Kg5 88. Rc5+ Kh4 89. Kg1 Rd2 90.
Rc1 Kg3 91. Kh1 h4 92. Rg1+ Kh3 93. Re1 g3 94. Kg1 Kg4 95. Rc1 h3 96. Kh1 Kf3 97. Rf1+ Ke2 98. Rf2+ gxf2 99. Kh2 f1=Q 100. Kg3 Qg2+ 101. Kh4 Rd4+ 102. Kh5 Qg4+ 103. Kh6 Rd6+ 104. Kh7 Qg6+ 105. Kh8 Rd8# 0-1

[Event "Early-Titled-Tuesday-Blitz-February-13-2024"]
[Site "Chess.com"]
[Date "2024.02.13"]
[Round "5"]
[White "Evgeny81"]
[Black "VladimirKramnik"]
[Result "1/2-1/2"]
[WhiteElo "2726"]
[BlackElo "2926"]
[TimeControl "180+1"]
[EndTime "9:02:29 PST"]
[Termination "Game drawn by repetition"]

1. d4 Nf6 2. c4 e6 3. Nf3 d5 4. g3 Bb4+ 5. Bd2 Bd6 6. Bg2 O-O 7. O-O c6 8. Qc2 Nbd7 9. a4 a5 10. Nc3 dxc4 11. Rfd1 Qe7 12. Bg5 h6 13. Bxf6 Nxf6 14.
Nd2 e5 15. d5 cxd5 16. Nxd5 Nxd5 17. Bxd5 Bg4 18. Qxc4 h5 19. Ne4 Bb4 20. Kg2 Rac8 21. Qb5 Rc2 22. f3 Bf5 23. b3 h4 24. Rac1 h3+ 25.
Kf2 Rfc8 26. Rxc2 Rxc2 27. Qxb7 Bc5+ 28. Kf1 Qxb7 29. Bxb7 Be3 30. Bd5 Kf8 31. Nf2 Ke7 32. g4 Bc8 33. Bc4 g6 34. Nxh3 f5 35. gxf5 gxf5 36. Nf2 Bd4 37. Bd3 Rc3 38. Bc4 Kf6 39. Rd3 Rc1+ 40. Rd1 Rc2 41. Kg2 Bb7 42. Kf1 Kg5 43.
Nd3 Kh4 44. Ne1 Rc3 45. Rb1 e4 46. fxe4 Bxe4 47. Rd1 Be5 48. Nd3 Bf4 49. Kf2 Bxh2 50. Rc1 Bg3+ 51. Kg1 Rxc1+ 52. Nxc1 Bf4 53. Nd3 Be3+ 54.
Kf1 Kg3 55. Ke1 f4 56. Kd1 Bd4 57. Ne1 Kf2 58. Nd3+ Ke3 59. Ne1 Bc3 60. Nc2+ Kf2 61. Bb5 Bg2 62. Bc4 Bf1 63. Bb5 Bg2 64. Bc4 Bc6 65.
Bd3 Bd5 66. Bc4 Be4 67. Bb5 f3 68. exf3 Bxf3+ 69. Kc1 Be4 70. Kd1 Kf3 71. Bc4 Kf2 72. Bb5 Bf3+ 73. Kc1 Bg4 74. Na3 Bf5 75. Nc2 Kf3 76. Bc4 Kf2 77. Na3 Be4 78. Nb5 Bb4 79. Kd1 Ke3 80. Kc1 Bf3 81. Kc2 Be4+ 82. Kc1 Bf3 83.
Kc2 Bg4 84. Kc1 Bf5 85. Nc7 Be4 86. Nd5+ Bxd5 87. Bxd5 Kd4 88. Bc4 Kc3 89. Kb1 Bc5 90. Kc1 Bb4 91. Kb1 Bc5 92. Kc1 Bb4 1/2-1/2

[Event "Early-Titled-Tuesday-Blitz-February-13-2024"]
[Site "Chess.com"]
[Date "2024.02.13"]
[Round "5"]
[White "ChessFanNM"]
[Black "NanMKKhineHlyan"]
[Result "0-1"]
[WhiteElo "2299"]
[BlackElo "1823"]
[TimeControl "180+1"]
[EndTime "9:02:34 PST"]
[Termination "NanMKKhineHlyan won on time"]

1. Nf3 d5 2. e3 c5 3. d4 c4 4. b3 cxb3 5. axb3 Nc6 6. c3 Bg4 7. Bd3 e5 8. dxe5 Nxe5 9. Bb5+ Nd7 10. Qxd5 Nf6 11. Qe5+ Be7 12. Qg3 O-O 13. O-O a6 14. Bxd7 Qxd7 15. Ne5 Qf5 16. Nxg4 Nxg4 17. e4 Qg6 18. h3 Nf6 19. Qxg6 fxg6 20. Bg5 h6 21.
Bxf6 Bxf6 22. f4 Rac8 23. e5 Be7 24. c4 g5 25. g3 Bc5+ 26. Kg2 gxf4 27. gxf4 Be3 28. Nc3 Bxf4 29. Nd5 Bxe5 30. Ne7+ Kh7 31. Nxc8 Rxc8 32. Rae1 Bf6 33. Rf5 Kg6 34. Rd5 Rc6 35.
Re3 Rb6 36. Rg3+ Kf7 37. Rgd3 Kg6 38. Rd6 Rb4 39. Kf3 a5 40. R6d5 a4 41. bxa4 Rxc4 42. a5 Ra4 43. Rb5 Bg5 44. Rd6+ Bf6 45. Rd7 Ra3+ 46.
Ke4 Rxh3 47. Rbxb7 Rh4+ 48. Kf3 Rh3+ 49. Kg2 Ra3 50.
Rd5 h5 51. Rbb5 h4 52. Rh5 Ra2+ 53. Kh3 Ra3+ 54. Kg2 Ra2+ 55. Kf3 Ra3+ 56. Ke4 Ra4+ 57. Kd3 Ra3+ 58. Kd2 Ra2+ 59. Kc1 Ra1+ 60. Kd2 Ra2+ 61.
Kd1 Ra1+ 62. Ke2 Ra2+ 63. Kd3 Ra3+ 64. Kc4 Ra4+ 65. Kb3 Rd4 66. Rh8 Rd3+ 67. Kc4 Rd4+ 68. Kb3 Rd3+ 69. Kc2 Rd4 70. a6 Rc4+ 71. Kd3 Rd4+ 72.
Ke3 Ra4 73. Rb6 Kf5 74. Rh5+ g5 75. Rh6 Ra3+ 76. Kf2 Be5 77. Rh7 Ra2+ 78. Ke3 Ra3+ 79. Kd2 Ra2+ 80. Kd3 Ra3+ 81. Kc4 Ra2 82. Kb3 Rb2+ 83.
Kc4 Rxb6 84. a7 Rd6 0-1

[Event "Early-Titled-Tuesday-Blitz-February-13-2024"]
[Site "Chess.com"]
[Date "2024.02.13"]
[Round "6"]
[White "JoliyRoger"]
[Black "TregubovP"]
[Result "0-1"]
[WhiteElo "2526"]
[BlackElo "2690"]
[TimeControl "180+1"]
[EndTime "9:04:01 PST"]
[Termination "TregubovP won by resignation"]

1. d4 Nf6 2. c4 c5 3. d5 b5 4. cxb5 a6 5. e3 g6 6. Nc3 Bg7 7. Bc4 O-O 8. Nge2 d6 9. O-O Nbd7 10.
Bd2 Nb6 11. e4 Nxc4 0-1

[Event "Early-Titled-Tuesday-Blitz-February-13-2024"]
[Site "Chess.com"]
[Date "2024.02.13"]
[Round "6"]
[White "viktorskliarov"]
[Black "NewYearGirl"]
[Result "1-0"]
[WhiteElo "2595"]
[BlackElo "2402"]
[TimeControl "180+1"]
[EndTime "9:04:13 PST"]
[Termination "viktorskliarov won by resignation"]

1. e4 c5 2. Nf3 d6 3. d4 cxd4 4. Qxd4 Nc6 5. Bb5 Bd7 6. Bxc6 Bxc6 7. Nc3 h6 8. O-O e5 9. Qd3 Nf6 10. b4 Qd7 11. b5 1-0

[Event "Early-Titled-Tuesday-Blitz-February-13-2024"]
[Site "Chess.com"]
[Date "2024.02.13"]
[Round "6"]
[White "DamianoLew95"]
[Black "Logman74"]
[Result "1-0"]
[WhiteElo "2725"]
[BlackElo "2541"]
[TimeControl "180+1"]
[EndTime "9:05:14 PST"]
[Termination "DamianoLew95 won by resignation"]

1. e4 c5 2. Nf3 d6 3. Bb5+ Bd7 4. Bxd7+ Qxd7 5. O-O Nc6 6. Qe2 e6 7. c3 Nf6 8. d4 cxd4 9. cxd4 d5 10. e5 Ne4 11.
Nbd2 Nxd2 12. Bxd2 Be7 13. Rfd1 O-O 14. h4 Rac8 15. h5 h6 16. Kh2 f5 17. Rg1 Rf7 18. g4 fxg4 19. Rxg4 Rcf8 20. Rag1 Rxf3 21. Rxg7+ Kh8 22.
Qxf3 Nxe5 23. dxe5 1-0

[Event "Early-Titled-Tuesday-Blitz-February-13-2024"]
[Site "Chess.com"]
[Date "2024.02.13"]
[Round "6"]
[White "SahibSinghKnight"]
[Black "LileKoridze"]
[Result "1-0"]
[WhiteElo "2608"]
[BlackElo "2421"]
[TimeControl "180+1"]
[EndTime "9:05:19 PST"]
[Termination "SahibSinghKnight won by resignation"]

1. e4 c5 2. Nf3 d6 3. d4 cxd4 4. Nxd4 Nf6 5. Nc3 a6 6. Be3 e5 7. Nf3 h6 8. Bc4 Be7 9. O-O O-O 10. h3 Nc6 11. Re1 b5 12. Bb3 Bb7 13. Nd5 Nxd5 14. Bxd5 Na5 15. Bxb7 Nxb7 16. Qd5 Qc7 17. c3 Nc5 18.
Bxc5 Qxc5 19. Qxc5 dxc5 20. Nxe5 Rac8 21. Rad1 Rfe8 22.
Nd3 Bf8 23. e5 Red8 24. Nf4 Re8 25. Nd5 Re6 26. f4 g6 27. g4 Bg7 28. f5 Rxe5 29. Rxe5 1-0

[Event "Early-Titled-Tuesday-Blitz-February-13-2024"]
[Site "Chess.com"]
[Date "2024.02.13"]
[Round "6"]
[White "thesupera12"]
[Black "Leonid_Starozhilov"]
[Result "0-1"]
[WhiteElo "2515"]
[BlackElo "2734"]
[TimeControl "180+1"]
[EndTime "9:05:22 PST"]
[Termination "Leonid_Starozhilov won by resignation"]

1. b3 d5 2. Bb2 Bg4 3. h3 Bh5 4. c4 e6 5. Nf3 Bxf3 6. gxf3 Nf6 7. d3 g6 8. Nd2 Bg7 9. Qc2 Nbd7 10. O-O-O a5 11.
e4 O-O 12. h4 Nh5 13. exd5 exd5 14. Bxg7 Kxg7 15. f4 a4 16. Nf3 axb3 17. axb3 Qf6 18. d4 Qxf4+ 19. Nd2 Ra1+ 20. Kb2 Qxd4+ 0-1

[Event "Early-Titled-Tuesday-Blitz-February-13-2024"]
[Site "Chess.com"]
[Date "2024.02.13"]
[Round "6"]
[White "Kirill_Klukin"]
[Black "Chess_Gainz"]
[Result "1-0"]
[WhiteElo "2809"]
[BlackElo "2541"]
[TimeControl "180+1"]
[EndTime "9:05:30 PST"]
[Termination "Kirill_Klukin won by resignation"]

1. d4 d6 2. Nf3 Nf6 3. c4 g6 4. Nc3 Bg7 5. e3 O-O 6. Be2 Nbd7 7. O-O e5 8. Qc2 Re8 9. b4 e4 10. Nd2 Qe7 11. Bb2 h5 12. Rfc1 Nf8 13. Nd5 Qd8 14. Nxf6+ Bxf6 15. Nxe4 Bg7 16. h3 Bf5 17.
Bd3 d5 18. cxd5 Qxd5 19. Nc3 Bxd3 20. Nxd5 Bxc2 21. Rxc2 Rac8 22. Rxc7 Rxc7 23. Nxc7 Rc8 24. Rc1 Nd7 25. Nd5 Rxc1+ 26. Bxc1 Kf8 27. Kf1 Nb8 28. Ke2 Ke8 29. Kd3 Kd7 30. a4 Nc6 31. b5 Na5 1-0